[Event "Early-Titled-Tuesday-Blitz-March-12-2024"]
[Site "Chess.com"]
[Date "2024.03.12"]
[Round "4"]
[White "enriquebutti"]
[Black "Lady_Nika"]
[Result "0-1"]
[WhiteElo "2227"]
[BlackElo "2549"]
[TimeControl "180+1"]
[EndTime "8:35:22 PDT"]
[Termination "Lady_Nika won by checkmate"]

1. d4 d5 2. c4 e6 3. Nf3 f5 4. e3 Nf6 5. Bd3 c6 6. O-O Bd6 7. b3 Nbd7 8. Ba3 Bxa3 9. Nxa3 Qe7 10.
Nc2 Ne4 11. Qc1 O-O 12. Qb2 Rf6 13. cxd5 exd5 14. Ne5 Nxe5 15. dxe5 Rh6 16. g3 Qf7 17.
Be2 g5 18. f3 Qh5 19. fxe4 Qxh2# 0-1

[Event "Early-Titled-Tuesday-Blitz-March-12-2024"]
[Site "Chess.com"]
[Date "2024.03.12"]
[Round "4"]
[White "David_George21"]
[Black "ExchangeAB"]
[Result "1-0"]
[WhiteElo "2306"]
[BlackElo "2522"]
[TimeControl "180+1"]
[EndTime "8:35:34 PDT"]
[Termination "David_George21 won by resignation"]

1. e4 c6 2. h3 d5 3. exd5 cxd5 4. d4 Nf6 5. Bd3 Nc6 6. c3 g6 7. Ne2 Bg7 8. O-O O-O 9. Nd2 Bf5 10. Bxf5 gxf5 11.
Ng3 e6 12. Nf3 Ne4 13. Bf4 Qb6 14. Qe2 Na5 15. Rac1 Nc4 16. b3 Ncd6 17. Nh5 Bh8 18. Ne5 Nf6 19. Nxf6+ Bxf6 20. Nd7 Qd8 21. Nxf6+ Qxf6 22. Bxd6 Rfd8 23. Qe5 Qg6 24. Qg3 f6 25. Qxg6+ hxg6 26.
Be7 1-0

[Event "Early-Titled-Tuesday-Blitz-March-12-2024"]
[Site "Chess.com"]
[Date "2024.03.12"]
[Round "4"]
[White "MidnightFox"]
[Black "RobertoJBM"]
[Result "1-0"]
[WhiteElo "2495"]
[BlackElo "2818"]
[TimeControl "180+1"]
[EndTime "8:35:40 PDT"]
[Termination "MidnightFox won by checkmate"]

1. d4 c6 2. c4 d5 3. Nf3 Nf6 4. Nc3 dxc4 5. e4 b5 6. e5 Nd5 7.
a4 e6 8. axb5 Nxc3 9. bxc3 cxb5 10. Ng5 Bb7 11. Qh5 g6 12. Qg4 Be7 13. Be2 h5 14.
Qg3 Nc6 15. Bf3 Qd7 16. Ne4 Nxd4 17. cxd4 Qxd4 18. Qf4 Qxa1 19. O-O Qa6 20. Nf6+ Kf8 21. Qh6+ Rxh6 22. Bxh6# 1-0

[Event "Early-Titled-Tuesday-Blitz-March-12-2024"]
[Site "Chess.com"]
[Date "2024.03.12"]
[Round "4"]
[White "AsaHoffmann"]
[Black "ril1997"]
[Result "1-0"]
[WhiteElo "2378"]
[BlackElo "2721"]
[TimeControl "180+1"]
[EndTime "8:35:44 PDT"]
[Termination "AsaHoffmann won by resignation"]

1. d4 Nf6 2. Bg5 Ne4 3. Bf4 e6 4. Nd2 Bd6 5. Bxd6 Nxd6 6. e4 O-O 7. Ngf3 b6 8. Bd3 Bb7 9. Qe2 f5 10. O-O-O fxe4 11. Nxe4 Bxe4 12. Bxe4 Nxe4 13. Qxe4 Qf6 14. Qxa8 Nc6 15. Qb7 Qf4+ 16. Kb1 a5 17. Qa6 Qd6 18. a3 b5 19. Qxb5 Rb8 20. Qc5 Qf4 21. Rd3 a4 22. Re1 Qf6 23. Qg5 Qf8 24. d5 Na5 25. Re4 h6 26. Qf4 Qc5 27. Rxa4 exd5 28.
Rb4 Rf8 29. Qd4 Qe7 30. Qxd5+ 1-0

[Event "Early-Titled-Tuesday-Blitz-March-12-2024"]
[Site "Chess.com"]
[Date "2024.03.12"]
[Round "4"]
[White "platy3"]
[Black "Susal_De_Silva"]
[Result "1-0"]
[WhiteElo "2946"]
[BlackElo "2703"]
[TimeControl "180+1"]
[EndTime "8:35:52 PDT"]
[Termination "platy3 won by resignation"]

1. e4 e5 2. Nf3 Nc6 3. Bc4 Nf6 4.
d3 h6 5. a4 d6 6. O-O g5 7. c3 g4 8. Ne1 h5 9. f4 exf4 10.
Bxf4 Bh6 11. Qd2 Bg7 12. Bg5 Nb8 13. Qf4 Nbd7 14. d4 Qe7 15. Nd3 Qxe4 16. Re1 Qxe1+ 17. Nxe1 O-O 18. Nd2 1-0

[Event "Early-Titled-Tuesday-Blitz-March-12-2024"]
[Site "Chess.com"]
[Date "2024.03.12"]
[Round "4"]
[White "szachuspl"]
[Black "kidagent"]
[Result "1-0"]
[WhiteElo "2536"]
[BlackElo "2315"]
[TimeControl "180+1"]
[EndTime "8:36:11 PDT"]
[Termination "szachuspl won by resignation"]

1. d4 d5 2. c4 c6 3. Nc3 e6 4. e4 dxe4 5. Nxe4 Bb4+ 6. Bd2 Qxd4 7. Bxb4 Qxe4+ 8. Be2 Na6 9. Bd6 Bd7 10. Qd2 O-O-O 11.
O-O-O Nf6 12. Be7 c5 13. Bxd8 Rxd8 14. Nf3 Nb4 15. b3 Qf5 16. a3 Ne4 17. Qe3 Na2+ 18. Kb2 Nac3 19. Rd3 Qf6 20. Rxc3 Nxc3 21. Qxc3 Qxc3+ 22. Kxc3 f6 23. Rd1 Bc6 24. Rxd8+ Kxd8 25. g3 Ke7 26. Nd2 Kd6 27. Bf3 f5 28. Bxc6 Kxc6 29.
f4 h6 30. Nf3 Kd6 31. h4 g6 32. Ne5 g5 33. hxg5 hxg5 34. Nf7+ 1-0

[Event "Early-Titled-Tuesday-Blitz-March-12-2024"]
[Site "Chess.com"]
[Date "2024.03.12"]
[Round "4"]
[White "Taran2004"]
[Black "WilsonPalencia21"]
[Result "0-1"]
[WhiteElo "2401"]
[BlackElo "2566"]
[TimeControl "180+1"]
[EndTime "8:36:12 PDT"]
[Termination "WilsonPalencia21 won by resignation"]

1. e4 c5 2. Nf3 d6 3. d4 cxd4 4. Qxd4 Nc6 5. Bb5 Qa5+ 6. Nc3 Qxb5 7. Nxb5 Nxd4 8. Nfxd4 Kd8 9. c4 Bd7 10. Be3 a6 11.
Nc3 e6 12. O-O-O Rc8 13. b3 b5 14. Kb2 bxc4 15. b4 Nf6 16. f3 Be7 17. a4 Rb8 18. b5 axb5 19. Ndxb5 Bxb5 20. axb5 Kd7 21. Kc2 Rhc8 22. Ra1 Rb7 23. Rhd1 Ke8 24. Ra7 Rcb8 25. Rda1 d5 26. exd5 Nxd5 27. Nxd5 exd5 28. Rxb7 Rxb7 29.
b6 Kd7 30. Ra8 Bf6 31. Bc5 d4 32. Rf8 Kc6 33. Rc8+ Kb5 34. Rc7 d3+ 35. Kd1 Ka6 0-1

[Event "Early-Titled-Tuesday-Blitz-March-12-2024"]
[Site "Chess.com"]
[Date "2024.03.12"]
[Round "4"]
[White "bazar-wokzal"]
[Black "Javylavilla"]
[Result "1-0"]
[WhiteElo "2551"]
[BlackElo "2367"]
[TimeControl "180+1"]
[EndTime "8:36:21 PDT"]
[Termination "bazar-wokzal won by checkmate"]

1. e4 c5 2. c3 Nf6 3. e5 Nd5 4. d4 cxd4 5. cxd4 d6 6. Bc4 Nb6 7. Bb3 Nc6 8. e6 fxe6 9. Nf3 Bd7 10. Nc3 Nd5 11. O-O Nxc3 12. bxc3 Qc7 13. Ng5 d5 14. Qf3 O-O-O 15. Nf7 Rg8 16. Nxd8 Qxd8 17.
Qf7 Rh8 18. Re1 g6 19. Bg5 h6 20. Bh4 g5 21. Bg3 h5 22. h4 Bh6 23. Ba4 gxh4 24. Bxh4 Rg8 25. Bxc6 bxc6 26. Rab1 Bf4 27. Qxf4 Rg4 28.
Qb8# 1-0

[Event "Early-Titled-Tuesday-Blitz-March-12-2024"]
[Site "Chess.com"]
[Date "2024.03.12"]
[Round "4"]
[White "Akhayan"]
[Black "VojtechPlat"]
[Result "0-1"]
[WhiteElo "2313"]
[BlackElo "2868"]
[TimeControl "180+1"]
[EndTime "8:36:24 PDT"]
[Termination "VojtechPlat won by resignation"]

1. e4 d6 2. d4 Nf6 3. Nc3 e5 4. Nf3 exd4 5. Nxd4 Be7 6. Be2 O-O 7. O-O Re8 8. Re1 Bf8 9. Bf1 Nbd7 10. h3 Nc5 11. Bg5 h6 12. Bxf6 Qxf6 13. Nd5 Qd8 14.
Bd3 c6 15. Ne3 g6 16. Nc4 Bg7 17. c3 d5 18. Na3 dxe4 19. Bc2 f5 20. Nc4 Ne6 21.
Nb3 Qe7 22. Qd6 Bd7 23. Rad1 Rad8 24. Qxe7 Rxe7 25. Nd6 Rb8 26. Na5 Nc5 27. Nb3 Na4 28. Na5 Nxb2 29. Bb3+ Kh7 30. Nac4 Nxd1 0-1

[Event "Early-Titled-Tuesday-Blitz-March-12-2024"]
[Site "Chess.com"]
[Date "2024.03.12"]
[Round "4"]
[White "mishanick"]
[Black "Yan_Dyomin2010"]
[Result "1-0"]
[WhiteElo "3093"]
[BlackElo "2721"]
[TimeControl "180+1"]
[EndTime "8:36:34 PDT"]
[Termination "mishanick won by resignation"]

1. d4 Nf6 2. c4 g6 3. Nc3 d6 4.
e4 Bg7 5. Bd3 O-O 6. Nge2 e5 7. d5 a5 8. f3 Na6 9. Be3 Nc5 10. Bc2 Bd7 11. Qd2 Rb8 12. a3 Ra8 13. O-O-O Qe8 14. Kb1 a4 15. g4 Nb3 16. Bxb3 axb3 17.
Nc1 b5 18. cxb5 Bxb5 19. Nxb5 Qxb5 20. Qd3 Qa6 21. Qxa6 Rxa6 22. Rd3 Nd7 23. Rxb3 f5 24. gxf5 gxf5 25. Nd3 fxe4 26. fxe4 Nf6 27. Nf2 c6 28. dxc6 Rxc6 29. Rd1 Ra8 30. Rbd3 Bf8 31. Bg5 Nd7 32. Rc1 Nc5 33. Rg3 Kg7 34. b4 Rb6 35. Bd8+ 1-0

[Event "Early-Titled-Tuesday-Blitz-March-12-2024"]
[Site "Chess.com"]
[Date "2024.03.12"]
[Round "4"]
[White "Kielinkei"]
[Black "IsaqueGoncalvesSanto"]
[Result "1-0"]
[WhiteElo "2569"]
[BlackElo "1818"]
[TimeControl "180+1"]
[EndTime "8:36:37 PDT"]
[Termination "Kielinkei won by resignation"]

1. c4 e6 2. g3 d5 3. Bg2 c6 4. b3 Nf6 5. Bb2 Be7 6. Nf3 O-O 7. O-O Nbd7 8. d4 b6 9. Nc3 a5 10. Qd3 Ba6 11. e4 Nxe4 12. Nxe4 dxe4 13. Qxe4 Rc8 14. Rfd1 Bf6 15. Rac1 Qe7 16. Ne5 c5 17. Nxd7 Qxd7 18. dxc5 Qe7 19. Bxf6 Qxf6 20. cxb6 Rb8 21. c5 Rfc8 22.
Qe3 Qb2 23. c6 Qxa2 24. c7 1-0

[Event "Early-Titled-Tuesday-Blitz-March-12-2024"]
[Site "Chess.com"]
[Date "2024.03.12"]
[Round "4"]
[White "dropstoneDP"]
[Black "KChor05"]
[Result "1-0"]
[WhiteElo "2999"]
[BlackElo "2631"]
[TimeControl "180+1"]
[EndTime "8:36:42 PDT"]
[Termination "dropstoneDP won by resignation"]

1. e4 c5 2. Nf3 g6 3. Bc4 Bg7 4. c3 e6 5. d4 cxd4 6. cxd4 d5 7.
exd5 exd5 8. Bb3 Ne7 9. Nc3 Be6 10. O-O h6 11. Re1 O-O 12. Bf4 Nbc6 13. Qd2 Nf5 14. Be5 Nxe5 15. dxe5 d4 16. Ne4 Bxb3 17.
axb3 Qd5 18. Nf6+ Bxf6 19. exf6 Kh7 20. Re5 Qd6 21. Qf4 Rad8 22. Rxf5 gxf5 23. Qxf5+ Kh8 24.
Ng5 hxg5 25. Qxg5 1-0

[Event "Early-Titled-Tuesday-Blitz-March-12-2024"]
[Site "Chess.com"]
[Date "2024.03.12"]
[Round "4"]
[White "RandomNoob04"]
[Black "Akylbek2021"]
[Result "1-0"]
[WhiteElo "2612"]
[BlackElo "2321"]
[TimeControl "180+1"]
[EndTime "8:36:43 PDT"]
[Termination "RandomNoob04 won by resignation"]

1. e4 e6 2. d4 d5 3. e5 c5 4. c3 Nc6 5. Nf3 Qb6 6. Bd3 Nh6 7. O-O cxd4 8. cxd4 Nf5 9. Bxf5 exf5 10. Nc3 Be6 11. a3 Be7 12. b4 O-O 13. Na4 Qd8 14. Nc5 b6 15. Nd3 Rc8 16. Be3 h6 17. Qd2 a5 18. b5 Na7 19. a4 g5 20. g3 Rc4 21. h4 g4 22. Nfe1 h5 23. Nf4 Bxh4 24. gxh4 Qxh4 25. Neg2 Qe7 26. Nxh5 Rfc8 27. Nf6+ Kh8 28.
Bh6 Qd8 29. Qg5 1-0

[Event "Early-Titled-Tuesday-Blitz-March-12-2024"]
[Site "Chess.com"]
[Date "2024.03.12"]
[Round "4"]
[White "LiamPutnam2008"]
[Black "NikitaShnadrygin"]
[Result "1-0"]
[WhiteElo "2896"]
[BlackElo "2681"]
[TimeControl "180+1"]
[EndTime "8:36:46 PDT"]
[Termination "LiamPutnam2008 won by resignation"]

1. d4 d5 2. c4 Nc6 3. Nf3 Bg4 4. Nc3 e6 5. cxd5 exd5 6. Bg5 Be7 7. Bxe7 Ngxe7 8. e3 O-O 9. Be2 a6 10. O-O Qd6 11.
Rc1 Nd8 12. h3 Bh5 13. Qb3 Rb8 14. Rfd1 Ne6 15. Ne5 Bxe2 16. Nxe2 c5 17. Qa3 b5 18. Nd3 b4 19. dxc5 bxa3 20. cxd6 axb2 21. dxe7 1-0

[Event "Early-Titled-Tuesday-Blitz-March-12-2024"]
[Site "Chess.com"]
[Date "2024.03.12"]
[Round "4"]
[White "Cryptinz"]
[Black "Viktor_Poddubnyi"]
[Result "0-1"]
[WhiteElo "2501"]
[BlackElo "2267"]
[TimeControl "180+1"]
[EndTime "8:36:48 PDT"]
[Termination "Viktor_Poddubnyi won on time"]

1. e4 g6 2. d4 Bg7 3. c4 Nc6 4. Be3 e5 5. d5 Nd4 6. Ne2 c5 7. dxc6 dxc6 8. Nbc3 Be6 9. b3 Ne7 10. Qd2 Qc7 11. Bxd4 exd4 12. Nxd4 O-O-O 13. Nxe6 Rxd2 14. Nxc7 Bxc3 15. Rc1 Ba5 0-1

[Event "Early-Titled-Tuesday-Blitz-March-12-2024"]
[Site "Chess.com"]
[Date "2024.03.12"]
[Round "4"]
[White "JSPrepz"]
[Black "Aisen1011"]
[Result "1-0"]
[WhiteElo "2845"]
[BlackElo "2473"]
[TimeControl "180+1"]
[EndTime "8:36:50 PDT"]
[Termination "JSPrepz won by resignation"]

1. e4 e5 2. Nf3 Nc6 3. Nc3 Nf6 4.
a3 a6 5. d4 exd4 6. Nxd4 Bc5 7.
Be3 Nxd4 8. Bxd4 Qe7 9. e5 Bxd4 10. Qxd4 O-O 11. O-O-O Ne8 12. Nd5 Qd8 13. Bc4 d6 14. Rhe1 dxe5 15. Rxe5 Nd6 16. Nxc7 Qxc7 17. Qxd6 Qxd6 18.
Rxd6 Bg4 19. f3 Bc8 20. Re7 h6 21. Rxf7 Rxf7 22. Rd8+ Kh7 23. Bxf7 b5 24. Bd5 Rb8 25. Be6 Rb6 26. Bxc8 1-0

[Event "Early-Titled-Tuesday-Blitz-March-12-2024"]
[Site "Chess.com"]
[Date "2024.03.12"]
[Round "4"]
[White "RamonManon0g"]
[Black "JaackCamel"]
[Result "1-0"]
[WhiteElo "2406"]
[BlackElo "2173"]
[TimeControl "180+1"]
[EndTime "8:36:53 PDT"]
[Termination "RamonManon0g won by resignation"]

1. e4 e6 2. d4 d5 3. Nd2 c5 4.
Ngf3 cxd4 5. Nxd4 Nc6 6. Bb5 Bd7 7. Nxc6 bxc6 8. Bd3 Bd6 9. Qe2 Qc7 10. Nf3 h6 11. e5 Bc5 12. O-O Ne7 13. h3 Bb6 14. c4 a5 15. b3 Qa7 16. Ba3 a4 17. Nh4 Bd4 18. Rab1 c5 19. Qg4 Bxe5 20. Rfe1 Bd4 21.
cxd5 exd5 22. Qh5 Be6 23. Rxe6 1-0

[Event "Early-Titled-Tuesday-Blitz-March-12-2024"]
[Site "Chess.com"]
[Date "2024.03.12"]
[Round "4"]
[White "willcab71"]
[Black "Casper"]
[Result "0-1"]
[WhiteElo "2144"]
[BlackElo "2497"]
[TimeControl "180+1"]
[EndTime "8:36:55 PDT"]
[Termination "Casper won by resignation"]

1. d4 d5 2. Nf3 Nf6 3. g3 Bg4 4. Bg2 e6 5. h3 Bh5 6. O-O Be7 7.
Nbd2 O-O 8. c4 c6 9. b3 Nbd7 10.
Bb2 a5 11. a3 Bd6 12. g4 Bg6 13. Rc1 Ne4 14. Nxe4 dxe4 15. Ne1 f5 16. e3 Qh4 17. f4 exf3 18. Nxf3 Qg3 19. Qe1 fxg4 20. Qxg3 Bxg3 21. hxg4 Bd3 22. Rfd1 Be2 0-1

[Event "Early-Titled-Tuesday-Blitz-March-12-2024"]
[Site "Chess.com"]
[Date "2024.03.12"]
[Round "4"]
[White "Firouzja2003"]
[Black "mitrabhaa"]
[Result "1-0"]
[WhiteElo "3147"]
[BlackElo "2944"]
[TimeControl "180+1"]
[EndTime "8:36:59 PDT"]
[Termination "Firouzja2003 won by resignation"]

1. Nf3 Nf6 2. g3 b6 3. Bg2 Bb7 4. O-O c5 5. d3 d5 6. Nbd2 g6 7. e4 dxe4 8. dxe4 Bg7 9. e5 Nd5 10. e6 f6 11. Re1 O-O 12. c3 Nc6 13. h4 Nc7 14. h5 Qd3 15. hxg6 hxg6 16. Nh4 Na5 17. Re3 Qd6 18. Bxb7 Nxb7 19. Nxg6 Rfd8 20. Qg4 Na5 21. Nh4 Ne8 22. Nf5 Qd5 23. Nxe7+ 1-0

[Event "Early-Titled-Tuesday-Blitz-March-12-2024"]
[Site "Chess.com"]
[Date "2024.03.12"]
[Round "4"]
[White "Superfelix"]
[Black "Kirill_Klukin"]
[Result "0-1"]
[WhiteElo "2605"]
[BlackElo "2821"]
[TimeControl "180+1"]
[EndTime "8:37:00 PDT"]
[Termination "Kirill_Klukin won by checkmate"]

1. e4 c5 2. Nf3 g6 3. h4 h5 4. Bc4 Bg7 5. e5 Nc6 6. Qe2 Qc7 7. d4 Nxd4 8. Nxd4 cxd4 9. Bf4 Nh6 10. Nd2 O-O 11. Ne4 Ng4 12. Ng5 Nxe5 13. Bb3 d6 14.
O-O-O d3 15. Rxd3 Nxd3+ 16. Qxd3 Bf5 17. Qe2 Rac8 18. f3 Qb6 19. g4 hxg4 20. fxg4 Bxc2 21. Bxc2 Qxb2+ 22. Kd1 Qa1+ 23. Bc1 Bb2 24. Kd2 Rxc2+ 25.
Kxc2 Rc8+ 26. Kb3 Bxc1 27. Ne4 Qb1+ 28. Ka4 Rc2 29. Qb5 Rxa2# 0-1

[Event "Early-Titled-Tuesday-Blitz-March-12-2024"]
[Site "Chess.com"]
[Date "2024.03.12"]
[Round "4"]
[White "eightbyeightchess"]
[Black "Alenzer"]
[Result "1-0"]
[WhiteElo "2402"]
[BlackElo "2155"]
[TimeControl "180+1"]
[EndTime "8:37:02 PDT"]
[Termination "eightbyeightchess won by checkmate"]

1. e3 e5 2. d4 exd4 3. exd4 d5 4.
Bd3 Nf6 5. f4 Bd6 6. Nf3 c5 7.
c3 Nc6 8. O-O O-O 9. Ne5 Ne4 10.
Nd2 f5 11. Ndf3 Bd7 12. Nxc6 bxc6 13. Ne5 cxd4 14. cxd4 c5 15. Be3 c4 16. Bc2 Rb8 17. Qc1 Bb5 18. Rf3 c3 19. bxc3 Nxc3 20. Kh1 Ne4 21.
Bb3 Rc8 22. Qd1 Bc4 23. Bxc4 dxc4 24. Qa4 c3 25. Qb3+ Kh8 26. Ng6+ hxg6 27. Rh3+ Qh4 28. Rxh4# 1-0

[Event "Early-Titled-Tuesday-Blitz-March-12-2024"]
[Site "Chess.com"]
[Date "2024.03.12"]
[Round "4"]
[White "atbenina64"]
[Black "koncheto"]
[Result "1-0"]
[WhiteElo "2733"]
[BlackElo "2468"]
[TimeControl "180+1"]
[EndTime "8:37:06 PDT"]
[Termination "atbenina64 won by resignation"]

1. Nf3 Nf6 2. c4 e6 3. Nc3 d5 4. d4 c6 5. e3 Nbd7 6. Qc2 Bd6 7.
Bd3 dxc4 8. Bxc4 b5 9. Be2 Bb7 10. O-O O-O 11. Rd1 Qe7 12. e4 e5 13. Bg5 h6 14.
Bh4 b4 15. Na4 exd4 16. Nxd4 g6 17. Nxc6 Bxc6 18. Qxc6 Be5 19. Bb5 Rfd8 20. Rxd7 Rxd7 21. Bxf6 Qxf6 22. Qxf6 Rad8 23. Bxd7 1-0

[Event "Early-Titled-Tuesday-Blitz-March-12-2024"]
[Site "Chess.com"]
[Date "2024.03.12"]
[Round "4"]
[White "crazyluzhinTh3"]
[Black "Chessdude1987"]
[Result "1-0"]
[WhiteElo "2556"]
[BlackElo "2399"]
[TimeControl "180+1"]
[EndTime "8:37:10 PDT"]
[Termination "crazyluzhinTh3 won on time"]

1. e4 e6 2. d4 d5 3. Nc3 Nf6 4. Bg5 h6 5. Bxf6 Qxf6 6. b3 Bb4 7. Qd3 dxe4 8. Qc4 c5 9. Ne2 Nd7 10. dxc5 Bxc5 11. O-O-O O-O 12. Kb1 b5 13. Qxe4 Rb8 14. Qg4 Ba3 15. Qd4 e5 16. Qxa7 b4 17. Nd5 Qd6 18. Ng3 Nc5 19. Bc4 Bg4 20. Ne7+ 1-0

[Event "Early-Titled-Tuesday-Blitz-March-12-2024"]
[Site "Chess.com"]
[Date "2024.03.12"]
[Round "4"]
[White "jaskol95"]
[Black "Fandorine"]
[Result "0-1"]
[WhiteElo "2557"]
[BlackElo "2950"]
[TimeControl "180+1"]
[EndTime "8:37:16 PDT"]
[Termination "Fandorine won by resignation"]

1. e4 e5 2. Nf3 Nc6 3. Bc4 Nf6 4. Ng5 Bc5 5. Nxf7 Qe7 6. Nxh8 Bxf2+ 7. Kf1 d5 8. exd5 Nd4 9. d6 Qxd6 10. Nf7 Qc5 11. d3 b5 12. b4 Qb6 13. c3 bxc4 14. cxd4 Bxd4 15. dxc4 Kxf7 16. Nc3 Bxc3 17. Rb1 Be6 18. Qd3 Rd8 19. Qxc3 Rd1+ 20. Ke2 Bg4+ 0-1

[Event "Early-Titled-Tuesday-Blitz-March-12-2024"]
[Site "Chess.com"]
[Date "2024.03.12"]
[Round "4"]
[White "Oleksandr_Bortnyk"]
[Black "BestStelker"]
[Result "1-0"]
[WhiteElo "3006"]
[BlackElo "2711"]
[TimeControl "180+1"]
[EndTime "8:37:19 PDT"]
[Termination "Oleksandr_Bortnyk won by resignation"]

1. e4 e6 2. d4 d5 3. Nc3 Bb4 4. Qd3 Nc6 5. Nf3 dxe4 6. Qxe4 Nf6 7. Qh4 Ne7 8. Bd3 Nf5 9. Bxf5 exf5 10. O-O O-O 11.
Bg5 Be7 12. Rfe1 h6 13. Rxe7 Qxe7 14. Nd5 Qe4 15. Nxf6+ gxf6 16. Qxh6 f4 17. Bxf6 Qh7 18. Qxf4 Qf5 19. Qh6 Qh7 20. Qg5+ Qg6 21. h4 Bf5 22. c3 Rfe8 23. Ne5 Qxg5 24. hxg5 1-0

[Event "Early-Titled-Tuesday-Blitz-March-12-2024"]
[Site "Chess.com"]
[Date "2024.03.12"]
[Round "4"]
[White "djano"]
[Black "Cheer_Down"]
[Result "1-0"]
[WhiteElo "2576"]
[BlackElo "2419"]
[TimeControl "180+1"]
[EndTime "8:37:22 PDT"]
[Termination "djano won by resignation"]

1. e4 e5 2. d4 exd4 3. Nf3 Nc6 4. Bc4 Nf6 5. Ng5 d5 6. exd5 Qe7+ 7. Kf1 Ne5 8. Qxd4 Nxc4 9. Qxc4 h6 10. Nc3 hxg5 11. Bxg5 Qd8 12. Re1+ Be7 13. d6 cxd6 14. Nd5 Nxd5 15.
Qxd5 f6 16. Bf4 Kf8 17. h4 Qd7 18. h5 Qf5 19. Qd4 Qc5 20. Qe4 d5 21. Qg6 Bd7 22. h6 gxh6 23. Bxh6+ Rxh6 24. Rxh6 1-0

[Event "Early-Titled-Tuesday-Blitz-March-12-2024"]
[Site "Chess.com"]
[Date "2024.03.12"]
[Round "4"]
[White "Gryffindorac8"]
[Black "FischerKasparow"]
[Result "0-1"]
[WhiteElo "2383"]
[BlackElo "2097"]
[TimeControl "180+1"]
[EndTime "8:37:31 PDT"]
[Termination "FischerKasparow won by checkmate"]

1. d4 c5 2. d5 f5 3. Nc3 Nf6 4. Bg5 Qb6 5. Qd2 h6 6. Bxf6 Qxf6 7. O-O-O d6 8. e4 g5 9. exf5 Bxf5 10. Nge2 Bg7 11.
Ng3 Bg6 12. Bd3 O-O 13. Bxg6 Qxg6 14. f3 Nd7 15. Rhe1 Ne5 16. Kb1 b5 17. h4 gxh4 18.
Nge4 b4 19. Ne2 Nc4 20. Qd3 Nxb2 21. Qe3 Nc4 22. Qb3 Na3+ 23. Kc1 a5 24. Qa4 Qf5 25. Kd2 Qxd5+ 26. Kc1 Qxa2 27. Qd7 Qxc2# 0-1

[Event "Early-Titled-Tuesday-Blitz-March-12-2024"]
[Site "Chess.com"]
[Date "2024.03.12"]
[Round "4"]
[White "Sychev_on_YouTube"]
[Black "TregubovP"]
[Result "1-0"]
[WhiteElo "2919"]
[BlackElo "2695"]
[TimeControl "180+1"]
[EndTime "8:37:37 PDT"]
[Termination "Sychev_on_YouTube won by resignation"]

1. e4 c5 2. Nc3 e6 3. f4 Nc6 4. Nf3 a6 5. g3 d5 6. Bg2 Nf6 7.
e5 Nd7 8. O-O Be7 9. Ne2 O-O 10.
d4 cxd4 11. Nexd4 Nc5 12. Be3 Bd7 13. Kh1 Rc8 14. g4 f6 15. c3 fxe5 16. Nxc6 Bxc6 17. Nxe5 Nd7 18. Nxc6 bxc6 19. Qe2 Bd6 20. Qxa6 Qh4 21. Qe2 Nf6 22. Bf3 h5 23. Bf2 Qh3 24. Qxe6+ Kh8 25. Bg2 Qxg4 26. Qxd6 Ne4 27. Bxe4 dxe4 28. Bd4 Rce8 29. Qh6+ Kg8 30. Bxg7 Rf5 31. Be5 Kf7 32. Rad1 1-0

[Event "Early-Titled-Tuesday-Blitz-March-12-2024"]
[Site "Chess.com"]
[Date "2024.03.12"]
[Round "4"]
[White "Rud_Makarian"]
[Black "Seochesspie"]
[Result "1-0"]
[WhiteElo "3016"]
[BlackElo "2863"]
[TimeControl "180+1"]
[EndTime "8:37:48 PDT"]
[Termination "Rud_Makarian won by resignation"]

1. c4 Nf6 2. Nc3 e6 3. e4 c5 4.
e5 Ng8 5. Nf3 Nc6 6. d4 cxd4 7.
Nxd4 Nxe5 8. Ndb5 a6 9. Nd6+ Bxd6 10. Qxd6 f6 11. Be3 Ne7 12. Bb6 Nf5 13. Qb4 Qe7 14. c5 Nc6 15. Qf4 d5 16. cxd6 Qxd6 17. Qxd6 Nxd6 18. O-O-O Nf5 19. Bc4 h5 20. Rhe1 Kf7 21.
Ne4 Ne5 22. Bb3 Bd7 23. f4 1-0

[Event "Early-Titled-Tuesday-Blitz-March-12-2024"]
[Site "Chess.com"]
[Date "2024.03.12"]
[Round "4"]
[White "ASKA538"]
[Black "rasmussvane"]
[Result "0-1"]
[WhiteElo "2262"]
[BlackElo "2962"]
[TimeControl "180+1"]
[EndTime "8:37:55 PDT"]
[Termination "rasmussvane won by resignation"]

1. e4 c6 2. Nf3 d5 3. Nc3 dxe4 4. Nxe4 Nf6 5. Qe2 Nxe4 6. Qxe4 Qa5 7. Bc4 Bf5 8. Qf4 e6 9. c3 Qd8 10. d4 Bd6 11. Qg5 O-O 12. O-O Nd7 13. Re1 Qxg5 14. Bxg5 Rfe8 15. Rad1 Bg4 16. Rd3 h6 17. Bh4 a5 18.
Bg3 Bxg3 19. hxg3 Nb6 20. Bb3 a4 21. Bd1 Nc4 22. b3 Bf5 23. Be2 Bxd3 24. Bxd3 Nb6 25.
Rb1 Nd5 26. Rc1 axb3 27. axb3 Ra3 28. Bc4 Rea8 29. Ne5 Ra1 30. Rxa1 Rxa1+ 31. Kh2 Nxc3 0-1

[Event "Early-Titled-Tuesday-Blitz-March-12-2024"]
[Site "Chess.com"]
[Date "2024.03.12"]
[Round "4"]
[White "HansOnTwitch"]
[Black "snowlord"]
[Result "1-0"]
[WhiteElo "3109"]
[BlackElo "2907"]
[TimeControl "180+1"]
[EndTime "8:37:56 PDT"]
[Termination "HansOnTwitch won by resignation"]

1. e4 c5 2. Nf3 d6 3. d4 cxd4 4. Nxd4 Nf6 5. Nc3 a6 6. h3 e5 7. Nb3 Be7 8. Be3 Be6 9. g4 h6 10. Qf3 Nbd7 11. O-O-O Qc7 12. Nd5 Bxd5 13. exd5 Rc8 14. c3 Nb6 15. Kb1 Na4 16. Bd3 g6 17. h4 h5 18. g5 Nd7 19. Qe2 O-O 20. f4 exf4 21. Bxf4 Rfe8 22. Qc2 Kh7 23. Rhf1 Kg7 24. Bg3 Ne5 25. Nd4 b5 26. Bxe5+ dxe5 27. Rxf7+ Kxf7 28. Bxg6+ Kg8 29. Bf7+ Kh8 30. Qg6 1-0

[Event "Early-Titled-Tuesday-Blitz-March-12-2024"]
[Site "Chess.com"]
[Date "2024.03.12"]
[Round "4"]
[White "norwaytoadog"]
[Black "ChelsieMonica"]
[Result "0-1"]
[WhiteElo "2327"]
[BlackElo "2544"]
[TimeControl "180+1"]
[EndTime "8:37:57 PDT"]
[Termination "ChelsieMonica won on time"]

1. e4 e5 2. Nf3 Nc6 3. Bb5 a6 4. Ba4 Nf6 5. O-O b5 6. Bb3 Bc5 7. c3 d6 8. d4 Bb6 9. h3 O-O 10. Re1 h6 11. a4 Rb8 12. Be3 Bd7 13. Nbd2 Re8 14. d5 Ne7 15. Bxb6 Rxb6 16. a5 Rb8 17. c4 Ng6 18. Rc1 Nf4 19. c5 Nd3 20. c6 Bc8 21. Bc2 Nxc1 22. Qxc1 Nh5 23. Kh2 Nf4 24. Ng1 Qg5 25. g3 Nxh3 26. Nxh3 Qh5 27. Bd1 Qxh3+ 28.
Kg1 f5 29. Bf3 f4 30. Bg2 Qh5 31. Nf1 Rf8 0-1

[Event "Early-Titled-Tuesday-Blitz-March-12-2024"]
[Site "Chess.com"]
[Date "2024.03.12"]
[Round "4"]
[White "HanSchut"]
[Black "toninhojit"]
[Result "0-1"]
[WhiteElo "2316"]
[BlackElo "2539"]
[TimeControl "180+1"]
[EndTime "8:37:58 PDT"]
[Termination "toninhojit won by checkmate"]

1. e4 e5 2. Nf3 Nc6 3. Bc4 Nf6 4. d4 exd4 5. e5 d5 6. Bb5 Ne4 7. Nxd4 Bd7 8. Bxc6 bxc6 9. O-O Be7 10.
f3 Nc5 11. f4 f6 12. Nc3 O-O 13. Qe2 fxe5 14. fxe5 Rxf1+ 15. Kxf1 Ne6 16. Nf5 Bg5 17. Kg1 Bxc1 18. Rxc1 Qg5 19. Rf1 Rf8 20. Ng3 Nf4 21. Qe1 Be6 22. Na4 h5 23. Nc5 Bg4 24. e6 h4 25. Nh1 Bf3 26. g3 Nh3# 0-1